Map: Year Zero LE

Players

TiPtOP

  • Race: Terran Terran
  • League: Silver
  • Spawn Location: 1:00

skinflute - Winner!

  • Race: Zerg Zerg
  • League: Silver
  • Spawn Location: 11:00

VOD

Have the link to the VOD?

Description

Time

  • Played on: May 13, 2019, 12:59 a.m.
  • Length: 21:59
Show
View Real Time Build Order
Export as new Build Order

TiPtOP Terran 

Build Orders:  

Get SALT Encoding   

  12  0:00  SCV  
  13  0:12  SCV  
  14  0:21  Supply Depot  
  14  0:25  SCV  
  15  0:42  SCV  
  16  0:46  Barracks  
  16  0:54  SCV  
  17  1:01  Refinery  
  17  1:04  Barracks  
  17  1:06  SCV  
  18  1:19  SCV  
  19  1:35  Supply Depot  
  19  1:37  Marine  
  20  1:41  Orbital Command  
  20  1:51  Marine  
  22  2:10  SCV  
  22  2:19  Supply Depot  
  22  2:21  Barracks Tech Lab  
  22  2:22  Barracks Reactor  
  22  2:28  SCV  
  23  2:36  Command Center  
  23  2:41  SCV  
  24  2:53  Stimpack  
  24  3:03  Supply Depot  
  24  3:04  Marine x2  
  26  3:13  Marine  
  26  3:17  SCV  
  28  3:29  Supply Depot  
  28  3:32  Marine x3  
  31  3:44  Barracks  
  31  3:53  SCV  
  31  3:55  SCV  
  33  4:01  Supply Depot  
  33  4:02  Marine x2  
  34  4:05  SCV  
  35  4:14  SCV  
  36  4:19  Marine  
  37  4:24  Supply Depot  
  37  4:28  Marine  
  37  4:29  Marine  
  39  4:33  Orbital Command  
  39  4:35  SCV  
  39  4:37  Marine  
  42  4:39  Barracks Reactor  
  41  4:53  Factory  
  41  4:58  Refinery, SCV  
  42  5:03  Marine x3  
  45  5:10  SCV  
  45  5:11  Supply Depot  
  46  5:19  Marine x2  
  48  5:23  SCV  
  49  5:31  SCV  
  50  5:35  SCV  
  50  5:42  Marine x3  
  52  5:43  Marine x2  
  52  5:46  Factory Reactor  
  56  5:51  Starport  
  56  5:59  SCV x2  
  56  6:00  Marine  
  59  6:10  Supply Depot  
  60  6:11  SCV x2  
  60  6:13  Marine x4  
  60  6:18  Marine  
  66  6:23  SCV x2  
  68  6:27  Supply Depot  
  68  6:31  Marine  
  69  6:35  SCV  
  70  6:43  Marine x3  
  70  6:44  Marine  
  70  6:45  Combat Shield  
  70  6:46  Factory Tech Lab  
  74  6:50  Supply Depot  
  74  6:55  Engineering Bay  
  74  6:56  Marine  
  74  6:59  Medivac x2  
  74  7:01  Marine x2  
  79  7:06  SCV x2  
  83  7:16  Supply Depot  
  83  7:22  Terran Infantry Weapons Level 1  
  83  7:29  Missile Turret, Marine x5  
  88  7:35  Siege Tank  
  91  7:46  Marine x2  
  91  7:50  Marine x3  
  96  8:01  SCV  
  96  8:04  Marine  
  98  8:06  Refinery  
  98  8:15  Siege Tank  
  98  8:16  Medivac  
  103  8:20  Command Center  
  103  8:21  Supply Depot  
  103  8:43  Supply Depot  
  106  9:02  Siege Tank  
  106  9:03  Marine x4  
  110  9:15  SCV x2  
  112  9:27  SCV x2  
  112  9:28  Marine x5  
  96  9:45  Marine  
  97  10:01  Marine x3  
  97  10:02  Marine  
  97  10:03  Marine  
  102  10:19  Marine x3  
  67  10:48  Liberator  
  61  10:52  Marine  
  61  10:53  Marine x4  
  61  10:55  Siege Tank  
  69  11:02  Bunker  
  69  11:07  SCV  
  69  11:10  Marine x2  
  69  11:11  Marine x3  
  78  11:19  SCV  
  79  11:27  Siege Tank  
  79  11:28  Marine  
  77  11:55  Liberator x2  
  77  11:58  Marine x4  
  77  11:59  Marine  
  82  12:14  Terran Infantry Armor Level 1  
  82  12:15  Starport  
  88  12:16  Marine x2  
  88  12:20  Supply Depot  
  90  12:26  Fusion Core  
  90  12:31  Starport  
  90  12:38  Bunker  
  90  12:39  Missile Turret  
  90  12:59  Missile Turret  
  90  13:15  Starport Reactor  
  90  13:23  Starport Reactor  
  90  13:30  Refinery, Marine x2  
  90  13:31  Marine x3  
  94  13:48  Marine x3  
  96  14:02  Command Center  
  96  14:32  SCV x2  
  96  14:36  Bunker  
  96  14:44  SCV  
  94  14:51  Liberator x3  
  94  14:52  Marine x5  
  108  15:16  SCV x2  
  108  15:17  SCV  
  111  15:31  Marine  
  111  15:32  Armory, Marine x4  
  111  15:35  Supply Depot  
  116  15:38  Supply Depot  
  116  15:49  Marine x2  
  117  15:50  Marine x3  
  117  15:53  Refinery  
  121  15:59  Supply Depot  
  121  16:01  Supply Depot  
  121  16:07  Marine  
  122  16:23  Supply Depot  
  119  16:57  Siege Tank  
  119  17:00  Refinery, Marine x5  
  127  17:04  Terran Infantry Weapons Level 2  
  127  17:08  Terran Ship Weapons Level 1  
  127  17:17  Marine  
  127  17:18  Marine x3  
  131  17:29  Siege Tank  
  118  17:47  Marine x4  
  118  17:48  Marine  
  123  18:02  Siege Tank  
  123  18:05  Marine x3  
  129  18:25  Missile Turret, Marine x5  
  131  18:43  Marine x5  
  136  18:49  Medivac x3  
  142  19:01  Marine x5  
  147  19:18  Marine  
  147  19:19  Marine  
  149  19:33  Viking x2  
  149  19:34  Viking x4  
  73  20:04  Marine x5  
  54  20:22  Marine x5  
  59  20:39  Marine  
  59  20:40  Marine x4  
  64  20:52  Siege Tank  
  64  20:56  Viking x3  
  64  20:57  Viking x3, Marine x2  
  75  20:58  Marine x3  
  82  21:15  Bunker, Marine  
  56  21:24  Siege Tank  
Show
View Real Time Build Order
Export as new Build Order

skinflute Zerg - Winner!

Build Orders: Hatch First, Lurkers 

Get SALT Encoding   

  12  0:09  Overlord  
  12  0:17  Drone  
  12  0:18  Drone  
  14  0:27  Drone  
  15  0:33  Drone  
  16  0:43  Drone  
  18  0:57  Drone  
  18  1:02  Hatchery  
  17  1:06  Drone  
  18  1:12  Extractor  
  18  1:15  Drone  
  18  1:21  Spawning Pool  
  18  1:25  Drone  
  18  1:39  Drone  
  19  1:49  Drone  
  20  2:00  Drone  
  21  2:15  Spine Crawler  
  20  2:19  Queen  
  20  2:22  Metabolic Boost  
  22  2:23  Queen  
  22  2:26  Drone  
  22  2:29  Drone  
  26  2:31  Drone  
  26  2:35  Drone  
  28  2:43  Overlord  
  28  2:47  Overlord  
  28  3:01  Queen  
  28  3:05  Zergling x10  
  35  3:18  Drone x2  
  37  3:21  Lair  
  37  3:36  Drone x6  
  37  3:37  Drone  
  44  4:02  Overlord x4  
  44  4:12  Extractor  
  44  4:14  Extractor  
  42  4:25  Drone  
  42  4:26  Drone x2  
  42  4:28  Drone  
  42  4:29  Drone x2  
  48  4:35  Hydralisk Den  
  47  4:40  Drone x7  
  47  4:41  Drone  
  55  4:58  Spore Crawler  
  55  4:59  Spore Crawler x2, Extractor  
  51  5:00  Drone x4  
  51  5:03  Spore Crawler  
  54  5:08  Grooved Spines  
  54  5:27  Hydralisk x4  
  54  5:28  Hydralisk x3  
  68  5:36  Drone  
  69  5:44  Queen  
  71  6:05  Drone x5  
  71  6:06  Overlord x3  
  71  6:07  Hatchery  
  75  6:11  Overseer x2  
  75  6:17  Lurker Den  
  74  6:19  Muscular Augments, Baneling Nest  
  73  6:26  Pneumatized Carapace  
  73  6:27  Drone  
  73  6:28  Drone x7  
  81  6:48  Evolution Chamber  
  81  6:49  Evolution Chamber  
  81  6:51  Evolution Chamber, Drone  
  81  6:52  Drone x6  
  85  7:12  Spore Crawler  
  84  7:16  Spore Crawler x2  
  84  7:17  Spore Crawler  
  84  7:19  Drone x5  
  86  7:38  Hydralisk x8  
  86  7:39  Hydralisk x2  
  106  7:59  Zerg Melee Weapons Level 1  
  106  8:00  Zerg Missile Weapons Level 1  
  106  8:02  Zerg Ground Armor Level 1  
  106  8:07  Extractor  
  106  8:09  Hydralisk, Extractor  
  106  8:16  Overlord x3  
  106  8:32  Overlord x3  
  106  8:35  Hydralisk x7  
  106  8:36  Hydralisk x5  
  130  8:59  Lurker x2  
  130  9:00  Lurker x2  
  134  9:11  Hatchery  
  134  9:15  Drone x3  
  134  9:16  Drone x6  
  142  9:17  Drone x4  
  105  10:01  Lurker x3  
  105  10:04  Lurker  
  105  10:05  Queen  
  105  10:06  Zergling x2  
  105  10:07  Zergling x18  
  115  10:08  Zergling x8  
  115  10:11  Centrifical Hooks  
  125  10:14  Zerg Melee Weapons Level 2  
  125  10:16  Zerg Ground Armor Level 2, Zerg Missile Weapons Level 2  
  125  10:28  Drone x5  
  117  10:51  Hydralisk x6  
  117  10:52  Hydralisk x8  
  117  10:53  Hydralisk  
  147  11:04  Overseer x3  
  147  11:24  Hatchery  
  143  12:04  Zergling x6  
  143  12:05  Zergling x16  
  143  12:06  Overlord x6, Zergling x8  
  143  12:07  Zergling x2  
  159  12:18  Spore Crawler x2  
  159  12:19  Spore Crawler  
  159  12:21  Hydralisk  
  158  13:03  Infestation Pit  
  154  13:21  Hydralisk x6  
  154  13:22  Hydralisk x8  
  154  13:23  Hydralisk x8  
  198  14:02  Lurker  
  185  14:52  Zergling x18  
  190  14:53  Zergling x16  
  190  14:54  Zergling x2  
  199  15:02  Hive  
  199  15:05  Spire  
  198  15:12  Baneling x7  
  198  15:13  Baneling x6  
  198  16:01  Extractor  
  198  16:03  Overseer  
  197  16:06  Extractor  
  196  16:27  Hatchery  
  189  16:37  Hatchery  
  189  16:38  Corruptor x4  
  189  16:39  Corruptor x5  
  197  16:45  Adrenal Glands  
  199  16:48  Greater Spire  
  199  16:49  Zerg Melee Weapons Level 3  
  199  16:50  Zerg Missile Weapons Level 3  
  199  16:52  Zerg Ground Armor Level 3  
  192  17:50  Queen  
  194  18:00  Zergling x10  
  183  18:40  Brood Lord  
  183  18:41  Brood Lord x7  
  199  19:08  Adaptive Talons  
  142  19:53  Corruptor x4  
  142  19:54  Zergling x2  
  142  19:55  Zergling x12, Hydralisk x5  
  142  19:56  Hydralisk x8  
  142  19:57  Hydralisk x7  
  142  19:58  Hydralisk x2  
  199  20:09  Lurker  
  187  21:02  Zergling x14  
  187  21:03  Zergling x12  
Tags
 
Composition
Lurkers
Matchup
TvZ
Spawn Locations
Close Positions
Add a new tag
Caveats
  • Supply blocks, unpowered buildings, or Contaminate may cause inaccurate times.
  • Supply counts are checked every 10 seconds.